Map: Romanticide LE

Players

Nina - Winner!

  • Race: Protoss Protoss

DisK

  • Race: Protoss Protoss

Event: DreamHack SC2 Masters 2021 Fall

VOD

Have the link to the VOD?

Description

Time

  • Played on: Aug. 4, 2021, 5:51 p.m.
  • Length: 21:20

All games in this series

Show
View Real Time Build Order
Export as new Build Order

Nina Protoss - Winner!

Build Orders: Phoenix Opening 

Get SALT Encoding   

  12  0:00  Probe  
  13  0:12  Probe  
  14  0:17  Pylon  
  14  0:24  Probe (Chrono Boost)  
  15  0:36  Probe (Chrono Boost)  
  15  0:37  Gateway  
  16  0:45  Probe (Chrono Boost)  
  16  0:47  Assimilator  
  17  0:51  Probe  
  18  0:57  Assimilator  
  18  1:03  Probe (Chrono Boost)  
  19  1:07  Gateway  
  19  1:14  Probe (Chrono Boost)  
  20  1:18  Probe (Chrono Boost)  
  20  1:25  Cybernetics Core  
  21  1:29  Probe  
  22  1:32  Pylon  
  22  1:41  Probe  
  23  1:53  Probe  
  24  2:01  Stalker x2  
  26  2:02  Warp Gate  
  26  2:06  Probe  
  29  2:15  Pylon  
  29  2:18  Probe  
  30  2:30  Probe  
  30  2:32  Stalker  
  30  2:33  Stalker  
  30  2:36  Shield Battery  
  35  3:01  Nexus  
  35  3:02  Pylon  
  35  3:07  Sentry  
  35  3:08  Sentry  
  39  3:20  Probe  
  39  3:23  Shield Battery  
  40  3:32  Twilight Council, Probe  
  41  3:36  Forge  
  41  3:45  Probe (Chrono Boost)  
  41  3:46  Phoenix  
  42  3:50  Stalker  
  42  3:54  Pylon  
  45  3:56  Probe (Chrono Boost)  
  45  4:01  Probe (Chrono Boost)  
  46  4:10  Blink  
  46  4:11  Probe (Chrono Boost)  
  48  4:17  Probe (Chrono Boost)  
  48  4:18  Protoss Ground Weapons Level 1 (Chrono Boost)  
  48  4:21  Probe (Chrono Boost)  
  50  4:24  Probe (Chrono Boost)  
  50  4:28  Probe (Chrono Boost)  
  51  4:32  Probe  
  52  4:39  Probe  
  54  4:45  Probe  
  54  4:47  Stalker  
  54  4:51  Nexus  
  57  4:54  Probe (Chrono Boost)  
  57  4:57  Probe (Chrono Boost)  
  57  4:58  Robotics Facility  
  58  5:06  Pylon  
  59  5:10  Probe (Chrono Boost)  
  59  5:11  Stalker, Probe (Chrono Boost)  
  62  5:14  Assimilator  
  62  5:17  Probe  
  62  5:20  Probe  
  64  5:24  Stalker  
  64  5:27  Gateway  
  66  5:28  Phoenix  
  66  5:29  Pylon  
  66  5:32  Gateway  
  66  5:35  Probe  
  67  5:36  Probe  
  68  5:44  Pylon  
  68  5:48  Observer, Gateway  
  69  5:51  Probe  
  69  5:56  Stalker x2  
  74  5:57  Probe  
  74  6:03  Probe  
  76  6:06  Probe (Chrono Boost)  
  76  6:08  Gateway  
  76  6:09  Observer, Probe (Chrono Boost)  
  79  6:12  Gateway  
  79  6:13  Phoenix  
  81  6:19  Protoss Ground Weapons Level 2  
  81  6:20  Probe (Chrono Boost)  
  81  6:23  Probe (Chrono Boost)  
  81  6:24  Shield Battery  
  82  6:27  Probe (Chrono Boost)  
  82  6:28  Probe (Chrono Boost)  
  82  6:29  Probe (Chrono Boost)  
  84  6:33  Assimilator, Probe  
  84  6:35  Assimilator, Stalker  
  84  6:38  Pylon, Probe  
  84  6:39  Probe  
  89  6:44  Observer  
  89  6:45  Probe  
  89  6:46  Observer  
  90  6:47  Stalker  
  90  6:50  Robotics Bay, Probe  
  90  6:52  Probe  
  94  6:55  Pylon  
  94  6:56  Assimilator  
  94  7:00  Pylon, Probe  
  95  7:03  Stalker x3  
  101  7:08  Probe  
  101  7:14  Stalker  
  101  7:15  Stalker x2  
  108  7:20  Photon Cannon  
  108  7:27  Nexus, Probe  
  108  7:29  Probe  
  110  7:31  Stalker  
  110  7:34  Robotics Facility  
  112  7:37  Disruptor  
  112  7:41  Pylon  
  112  7:43  Observer  
  115  7:46  Pylon, Probe  
  115  7:51  Photon Cannon  
  116  7:52  Charge  
  116  7:55  Stalker x2  
  120  8:00  Photon Cannon  
  120  8:08  Shield Battery  
  120  8:10  Photon Cannon  
  120  8:13  Disruptor, Stalker  
  120  8:14  Stalker  
  127  8:24  Disruptor  
  127  8:25  Zealot  
  127  8:26  Zealot  
  132  8:31  Pylon  
  132  8:35  Photon Cannon  
  126  8:48  Disruptor  
  129  9:00  Disruptor, Stalker x7  
  146  9:05  Probe  
  146  9:06  Probe  
  146  9:08  Protoss Ground Weapons Level 3 (Chrono Boost)  
  148  9:12  Photon Cannon  
  148  9:17  Probe x2  
  148  9:21  Pylon  
  148  9:23  Pylon  
  150  9:28  Disruptor  
  153  9:35  Stalker  
  153  9:40  Stalker x2  
  153  9:41  Stalker x3  
  161  9:51  Disruptor  
  151  10:04  Disruptor  
  140  10:09  Stalker  
  134  10:17  Observer  
  134  10:19  Nexus  
  127  10:22  Assimilator  
  127  10:24  Assimilator  
  127  10:26  Disruptor  
  127  10:27  Probe  
  127  10:28  Gateway  
  131  10:30  Stalker x4  
  131  10:31  Gateway  
  131  10:33  Gateway  
  139  10:36  Pylon  
  139  10:39  Disruptor, Photon Cannon  
  139  10:42  Robotics Facility  
  142  10:50  Probe  
  142  10:51  Probe  
  142  10:54  Probe  
  142  11:00  Zealot x3  
  142  11:01  Zealot x4  
  142  11:02  Disruptor  
  156  11:06  Observer  
  150  11:15  Disruptor  
  149  11:22  Zealot x5  
  149  11:24  Photon Cannon  
  159  11:26  Photon Cannon  
  159  11:38  Disruptor  
  142  11:42  Stalker x7  
  154  11:47  Stalker x2  
  154  11:48  Probe x2  
  154  11:49  Probe  
  154  11:51  Disruptor  
  164  11:57  Photon Cannon  
  164  11:58  Pylon  
  164  12:03  Zealot  
  164  12:06  Protoss Shields Level 1  
  164  12:07  Dark Shrine  
  166  12:13  Disruptor, Stalker x3  
  175  12:22  Zealot x4  
  168  12:31  Zealot x3  
  168  12:35  Disruptor  
  171  12:39  Photon Cannon  
  171  12:41  Probe x5  
  173  12:48  Stalker x2  
  173  12:49  Disruptor  
  176  12:53  Probe  
  176  12:54  Probe  
  176  13:11  Observer  
  168  13:25  Disruptor (Chrono Boost)  
  168  13:32  Disruptor (Chrono Boost)  
  141  13:39  Disruptor (Chrono Boost)  
  141  13:40  Stalker x5  
  141  13:41  Stalker x5  
  139  13:53  Assimilator  
  139  13:54  Assimilator  
  139  13:56  Disruptor (Chrono Boost)  
  139  14:00  Disruptor (Chrono Boost)  
  143  14:05  Stalker x5  
  143  14:06  Stalker x5  
  143  14:08  Disruptor  
  160  14:26  Disruptor  
  160  14:30  Photon Cannon  
  163  14:34  Photon Cannon  
  163  14:35  Zealot x10  
  163  14:36  Photon Cannon  
  183  14:40  Protoss Shields Level 2 (Chrono Boost)  
  183  14:41  Photon Cannon  
  183  14:43  Pylon, Shadow Stride, Photon Cannon  
  183  14:44  Shield Battery  
  183  14:57  Disruptor  
  183  14:58  Disruptor  
  171  15:02  Disruptor  
  151  15:08  Zealot  
  151  15:09  Zealot x5  
  155  15:26  Dark Templar x4  
  149  15:40  Disruptor  
  149  15:42  Disruptor x2  
  129  15:59  Zealot x2  
  133  16:04  Pylon  
  133  16:05  Pylon, Observer  
  133  16:07  Pylon  
  133  16:21  Disruptor x2  
  133  16:23  Nexus, Disruptor  
  142  16:26  Nexus  
  128  16:39  Dark Templar, Photon Cannon  
  129  16:40  Dark Templar x4  
  137  16:57  Disruptor  
  137  16:58  Pylon, Observer  
  141  17:04  Dark Templar  
  143  17:08  Nexus  
  143  17:11  Observer  
  143  17:17  Observer, Photon Cannon  
  143  17:19  Observer  
  143  17:20  Photon Cannon  
  145  17:24  Pylon  
  145  17:38  Pylon  
  143  17:49  Photon Cannon  
  142  18:06  Disruptor  
  142  18:15  Disruptor  
  101  18:25  Stalker x8  
  101  18:26  Probe  
  92  18:36  Disruptor  
  92  18:50  Stalker  
  92  18:51  Stalker  
  92  18:54  Observer  
  96  18:59  Stalker  
  98  19:05  Probe  
  98  19:06  Probe x3  
  98  19:17  Disruptor  
  98  19:19  Probe x4  
  105  19:32  Stalker x2  
  105  19:33  Probe  
  105  19:34  Probe  
  110  19:57  Stalker x3  
  110  19:58  Stalker x2  
  110  19:59  Probe  
  121  20:03  Probe  
  121  20:04  Probe  
  123  20:08  Observer  
  123  20:10  Photon Cannon  
  123  20:11  Probe  
  124  20:26  Stalker x3  
  124  20:27  Probe  
  131  20:33  Probe  
  132  20:36  Photon Cannon  
  132  20:38  Observer, Photon Cannon  
  133  20:43  Probe x2  
  133  20:44  Probe  
  133  20:45  Probe  
  112  20:58  Zealot x3  
  112  20:59  Zealot x2  
  100  21:05  Zealot x2  
  100  21:11  Zealot x2  
Show
View Real Time Build Order
Export as new Build Order

DisK Protoss 

Build Orders: Phoenix Opening, Blink Stalkers, Zealot Archon 

Get SALT Encoding   

  12  0:00  Probe  
  13  0:12  Probe  
  14  0:17  Pylon  
  14  0:24  Probe  
  15  0:36  Gateway  
  15  0:37  Probe (Chrono Boost)  
  16  0:46  Probe (Chrono Boost)  
  16  0:47  Assimilator  
  17  0:51  Probe (Chrono Boost)  
  17  0:55  Assimilator  
  18  1:03  Probe (Chrono Boost)  
  19  1:12  Gateway  
  19  1:14  Probe (Chrono Boost)  
  20  1:21  Probe  
  20  1:25  Cybernetics Core  
  21  1:33  Probe  
  21  1:36  Pylon  
  22  1:45  Probe  
  23  1:57  Probe  
  23  2:00  Warp Gate (Chrono Boost)  
  24  2:02  Stalker x2  
  28  2:09  Probe  
  28  2:14  Pylon  
  29  2:27  Pylon  
  29  2:31  Pylon  
  29  2:35  Sentry  
  30  2:37  Sentry  
  32  2:51  Nexus  
  32  2:53  Shield Battery  
  32  2:57  Probe  
  33  3:08  Phoenix  
  33  3:09  Pylon  
  33  3:10  Sentry, Probe  
  36  3:17  Twilight Council  
  36  3:22  Probe  
  38  3:34  Probe  
  38  3:38  Forge  
  38  3:42  Stalker  
  38  3:46  Probe (Chrono Boost)  
  41  3:48  Stalker  
  43  3:58  Blink (Chrono Boost), Probe (Chrono Boost)  
  44  4:05  Phoenix, Probe (Chrono Boost)  
  44  4:08  Probe (Chrono Boost)  
  46  4:12  Probe (Chrono Boost)  
  46  4:16  Protoss Ground Weapons Level 1 (Chrono Boost)  
  47  4:17  Probe (Chrono Boost)  
  47  4:19  Probe (Chrono Boost)  
  49  4:29  Probe (Chrono Boost)  
  51  4:36  Probe (Chrono Boost)  
  51  4:37  Probe (Chrono Boost)  
  52  4:41  Nexus  
  52  4:45  Pylon  
  52  4:46  Probe  
  52  4:48  Probe  
  52  4:52  Assimilator  
  54  4:54  Phoenix  
  54  4:58  Robotics Facility  
  54  5:00  Probe x2  
  56  5:09  Gateway  
  56  5:10  Gateway  
  56  5:12  Probe  
  56  5:13  Probe  
  58  5:23  Pylon  
  58  5:24  Shield Battery, Probe  
  58  5:25  Probe  
  58  5:28  Gateway  
  60  5:33  Gateway  
  60  5:36  Probe  
  60  5:38  Probe  
  62  5:46  Observer  
  64  5:52  Probe (Chrono Boost)  
  64  5:54  Probe (Chrono Boost)  
  66  6:00  Gateway, Probe (Chrono Boost)  
  66  6:02  Gateway, Probe (Chrono Boost)  
  66  6:03  Pylon  
  66  6:04  Charge, Probe (Chrono Boost)  
  68  6:06  Probe (Chrono Boost)  
  68  6:09  Protoss Ground Weapons Level 2 (Chrono Boost)  
  68  6:10  Immortal  
  73  6:12  Phoenix, Probe  
  73  6:14  Probe  
  73  6:15  Stalker  
  77  6:18  Stalker  
  77  6:23  Probe  
  80  6:26  Assimilator  
  80  6:33  Probe x2  
  80  6:35  Pylon  
  80  6:39  Probe  
  83  6:45  Probe  
  83  6:46  Pylon  
  84  6:52  Templar Archives  
  84  6:53  Probe x2  
  84  6:54  Nexus  
  86  6:56  Pylon  
  86  6:57  Observer  
  86  7:01  Probe  
  88  7:03  Phoenix  
  88  7:05  Pylon, Probe  
  88  7:06  Stalker x3  
  95  7:18  Pylon, Gateway x2  
  95  7:19  Pylon  
  95  7:22  Warp Prism  
  97  7:24  Probe  
  97  7:25  Probe  
  97  7:27  Probe  
  100  7:31  Zealot x2  
  100  7:35  High Templar x2  
  100  7:36  Zealot  
  110  7:37  Zealot  
  110  7:40  Archon, Zealot  
  110  7:41  Zealot  
  116  7:50  Robotics Bay  
  116  7:51  Probe  
  116  7:52  Robotics Facility  
  116  7:53  Pylon, Shield Battery  
  117  8:05  Stalker x4  
  125  8:14  Stalker x2  
  129  8:21  Probe  
  129  8:22  Probe x3  
  129  8:24  Assimilator  
  131  8:31  Assimilator  
  125  8:36  Protoss Ground Weapons Level 3 (Chrono Boost)  
  121  8:47  Disruptor (Chrono Boost)  
  120  8:52  Probe  
  120  8:53  Probe x2  
  123  8:59  Stalker x2  
  123  9:00  Stalker x2  
  123  9:01  Zealot x5  
  123  9:03  Probe  
  123  9:05  Assimilator x2, Probe  
  123  9:06  Pylon  
  125  9:12  Disruptor (Chrono Boost)  
  125  9:14  Shield Battery  
  128  9:18  Stalker  
  130  9:27  Stalker  
  130  9:28  Stalker  
  130  9:29  Stalker x3  
  134  9:39  Stalker x3  
  136  9:54  Stalker x3  
  136  9:56  Stalker  
  136  9:57  Stalker x2  
  131  10:04  Stalker x2  
  125  10:18  Stalker x2  
  125  10:19  Stalker x3  
  125  10:20  Zealot x3  
  129  10:32  Nexus, Disruptor  
  129  10:33  Pylon, Gateway x2  
  129  10:34  Disruptor  
  135  10:35  Photon Cannon  
  135  10:37  Photon Cannon  
  135  10:39  Pylon x2, Photon Cannon  
  135  10:41  Photon Cannon  
  135  10:44  Photon Cannon  
  133  10:53  Stalker x4  
  133  10:54  Stalker x2  
  141  11:02  Stalker  
  141  11:03  Stalker x2  
  125  11:08  Stalker  
  125  11:10  Disruptor  
  124  11:15  Disruptor  
  123  11:21  Stalker  
  123  11:22  Stalker x3, Zealot  
  133  11:29  Probe x4  
  131  11:45  Zealot x4  
  131  11:46  Zealot x2  
  143  11:50  Stalker x2  
  143  11:51  Stalker x2  
  143  11:52  Stalker  
  153  11:54  Probe x3  
  153  11:58  Probe x2  
  158  12:04  Disruptor x2  
  164  12:13  Dark Shrine  
  154  12:28  Zealot x3  
  154  12:29  Zealot x5  
  166  12:31  Protoss Ground Armor Level 1 (Chrono Boost)  
  164  12:40  Disruptor x2  
  164  12:42  Robotics Facility  
  166  12:52  Stalker x5  
  166  12:53  Stalker  
  166  12:55  Stalker x5  
  176  13:17  Stalker x7  
  190  13:20  Stalker x4  
  157  13:38  Disruptor  
  153  13:42  Zealot x8  
  169  13:50  Disruptor  
  169  13:53  Assimilator  
  169  13:54  Assimilator  
  172  13:55  Photon Cannon  
  172  13:57  Shield Battery, Photon Cannon  
  172  14:00  Pylon  
  154  14:18  Disruptor x2  
  154  14:20  Zealot x3  
  154  14:21  Zealot x8  
  174  14:26  Disruptor  
  177  14:32  Shadow Stride (Chrono Boost)  
  177  14:37  Protoss Ground Armor Level 2 (Chrono Boost)  
  173  14:42  Zealot  
  173  14:43  Stargate  
  175  14:52  Dark Templar x5  
  155  15:09  Disruptor  
  146  15:27  Nexus  
  144  15:29  Pylon  
  144  15:37  Zealot x2  
  144  15:38  Zealot x8  
  148  15:59  Dark Templar x9  
  165  16:07  Observer  
  165  16:13  Pylon  
  164  16:34  Observer x3  
  164  16:38  Zealot x4  
  175  16:43  Observer  
  173  16:56  Gravitic Boosters  
  173  16:58  Oracle  
  176  17:07  Stalker x4  
  176  17:08  Stalker x2  
  188  17:11  Nexus  
  178  17:28  Dark Templar x2  
  178  17:29  Dark Templar  
  184  17:31  Zealot  
  184  17:32  Zealot  
  184  17:36  Pylon  
  188  17:44  Nexus  
  160  18:00  Dark Templar x2, Zealot x2  
  160  18:01  Zealot x6  
  160  18:02  Zealot  
  105  18:27  Stalker x8  
  105  18:30  Probe  
  105  18:31  Probe  
  123  18:37  Observer  
  123  18:43  Probe  
  123  18:44  Zealot x3  
  123  18:48  Stalker  
  132  18:59  Disruptor x2 (Chrono Boost)  
  132  19:21  Dark Templar  
  132  19:22  Zealot x3  
  138  19:30  Dark Templar  
  140  19:38  Zealot x2  
  140  19:44  Zealot  
  143  19:56  Zealot x3  
  146  20:13  Observer  
  144  20:26  Dark Templar x3  
  144  20:32  Zealot  
  52  21:11  Zealot x5  

Tags
 
Add a new tag
Caveats
  • Supply blocks, unpowered buildings, or Contaminate may cause inaccurate times.
  • Supply counts are checked every 10 seconds.